Panthers vs Jets

Created - 11 octobre 2021 at 19:52

Simulating a Pre-Season

Goals
1 2 3 OT1 T
Panthers 1 1 2 0 4
Jets 1 0 3 1 5
Shots
1 2 3 OT1 T
Panthers 6 14 9 0 29
Jets 5 11 15 1 32

1st period

1. Jets , James van Riemsdyk 2 (Nathan MacKinnon 9) at 6:54
2. Panthers , Kevin Labanc 2 (Travis Zajac 4) at 7:52

Penalties :
Jamie Oleksiak (FLA) for Hooking (Minor) at 16:42

2nd period

3. Panthers , Nikita Gusev 2 (Kevin Labanc 4, Jonas Siegenthaler 1) at 9:14

Penalties :
No Penalty

3rd period

4. Jets , Wayne Simmonds 2 (Troy Terry 1, Brett Pesce 3) at 1:21
5. Jets , Troy Terry 4 (Kris Letang 9, James van Riemsdyk 6) at 7:16
6. Jets , Artem Anisimov 3 (Colton Sissons 5) at 8:56
7. Panthers , Sami Vatanen 1 (Taylor Hall 6, Mats Zuccarello 2) at 10:19 (PP)
8. Panthers , Taylor Hall 3 (Vincent Trocheck 4, Mats Zuccarello 3) at 18:33

Penalties :
Kris Letang (WIN) for Interference (Minor) at 2:11, John Moore (WIN) for High sticking (Minor) at 4:40, Nate Prosser (WIN) for Interference (Minor) at 9:41

Overtime #1

9. Jets , Victor Olofsson 8 (Nate Prosser 1, Artem Anisimov 2) at 4:29

Penalties :
No Penalty

Goalie Stats

Pekka Rinne (FLA), 27 saves from 32 shots - (0,844), OTL, 1-5-1, 64:29 minutes
Mackenzie Blackwood (WIN), 25 saves from 29 shots - (0,862), W, 5-1-0, 64:29 minutes

Players Stats for Panthers

Player Name              G  A  P  +/- PIM S  H  SB GA TA FO     MP     PP MP  PK MP  
------------------------------------------------------------------------------------
Andrew Peeke             0  0  0  -1  0   0  0  1  0  0  0/0     6:56   0:00   0:34 
Garnet Hathaway          0  0  0  -2  0   0  1  0  0  0  1/1     7:58   0:00   0:00 
Jamie Oleksiak           0  0  0  -1  2   0  4  5  0  0  0/0    28:09   2:47   0:00 
Jonas Siegenthaler       0  1  1   1  0   1  0  0  0  0  0/0    11:16   0:00   0:00 
Josh Archibald           0  0  0  -1  0   1  0  0  0  0  0/0    14:47   0:00   0:00 
Joshua Norris            0  0  0   0  0   1  2  0  0  1  3/5    15:18   0:00   0:00 
Kevin Labanc             1  1  2  -1  0   5  4  0  0  0  0/2    22:14   1:35   0:49 
Marcus Foligno           0  0  0   0  0   3  3  0  1  0  0/2    18:25   1:35   0:54 
Mats Zuccarello          0  2  2   0  0   0  2  0  0  0  0/0    21:42   3:01   0:00 
Matt Moulson             0  0  0   0  0   3  1  1  1  0  0/0    15:41   0:00   0:16 
Mike Matheson            0  0  0   1  0   0  0  0  0  1  0/0    14:10   1:49   0:00 
Nathan Beaulieu          0  0  0  -1  0   1  0  1  0  0  0/0    19:06   0:00   1:25 
Nikita Gusev             1  0  1  -1  0   1  1  0  0  1  0/0     7:10   0:00   0:16 
Sami Vatanen             1  0  1  -1  0   2  0  0  0  0  0/0    20:33   1:49   0:42 
Taylor Hall              1  1  2   0  0   7  1  3  1  0  1/1    21:54   3:01   0:00 
Travis Zajac             0  1  1   0  0   0  0  2  0  0  10/20  18:33   1:35   0:49 
Tyson Barrie             0  0  0  -1  0   1  2  2  0  0  0/0    24:33   2:47   1:17 
Vincent Trocheck         0  1  1   0  0   3  2  2  0  1  10/21  23:02   3:01   0:54 

Players Stats for Jets

Player Name              G  A  P  +/- PIM S  H  SB GA TA FO     MP     PP MP  PK MP  
------------------------------------------------------------------------------------
Alexis Lafreniere        0  0  0  -1  0   0  0  0  1  0  0/0    15:05   1:00   0:12 
Artem Anisimov           1  1  2   1  0   2  2  0  0  0  2/2    16:07   0:00   0:26 
Brett Pesce              0  1  1   1  0   1  1  0  1  1  0/0    21:40   0:56   3:10 
Colton Sissons           0  1  1   0  0   1  3  0  0  0  7/12   19:02   0:08   2:52 
Filip Chytil             0  0  0   0  0   3  2  0  0  0  0/0    16:33   0:51   0:00 
Frederick Gaudreau       0  0  0  -1  0   1  2  1  1  2  1/5    14:53   0:08   1:45 
James van Riemsdyk       1  1  2   0  0   1  3  1  0  0  0/0    20:39   0:51   0:00 
John Moore               0  0  0  -1  2   0  1  1  0  0  0/0    14:04   0:00   0:38 
Josh Morrissey           0  0  0   1  0   2  4  3  0  0  0/0    25:50   1:03   1:26 
Kris Letang              0  1  1   2  2   5  3  1  0  0  0/0    21:47   1:03   1:26 
Kyle Turris              0  0  0   2  0   0  0  0  0  0  0/0     7:48   0:00   0:00 
Mark Pysyk               0  0  0  -1  0   2  2  0  0  0  0/0    12:50   0:00   0:00 
Nate Prosser             0  1  1   1  2   0  2  1  0  0  0/0    28:28   0:56   2:32 
Nathan MacKinnon         0  1  1   0  0   6  2  0  1  0  17/33  20:44   1:00   0:00 
Troy Terry               1  1  2   2  0   3  0  0  0  0  0/0     8:18   0:08   0:00 
Victor Olofsson          1  0  1   1  0   3  1  1  0  0  0/0    19:41   1:00   0:00 
Wayne Simmonds           1  0  1   2  0   1  1  0  0  0  0/0     8:57   0:00   1:09 
Zac Dalpe                0  0  0  -1  0   1  1  0  0  0  0/0    16:22   0:51   2:48 

3 Stars

1 - Artem Anisimov (WIN)
2 - Troy Terry (WIN)
3 - James van Riemsdyk (WIN)

Power Play

Panthers - 1 on 3 Attempt(s) - 33,33%
Jets - 0 on 1 Attempt(s) - 0,00%

Penalty Kill

Panthers - 1 on 1 Attempt(s) - 100,00% - Score 0 goal in Penalty Kill
Jets - 2 on 3 Attempt(s) - 66,67% - Score 0 goal in Penalty Kill

Team Stat

Panthers - Hits : 23 - Faceoff Wins : 25 - Blocked Shots : 17 - Penalty Minutes : 2
Jets - Hits : 30 - Faceoff Wins : 27 - Blocked Shots : 9 - Penalty Minutes : 6

Official

Referees : Corey Syvret and Jim Curtin
Linesman : Stephen Drain and Jim Harper

Game Notes

No Game Note

Panthers

5 vs 5 Forward 
   Center                   Left Wing                Right Wing               Time % Phy DF OF 
 1 Vincent Trocheck         Taylor Hall              Mats Zuccarello          35     0   2  3  
 2 Travis Zajac             Marcus Foligno           Kevin Labanc             34     0   2  3  
 3 Joshua Norris            Josh Archibald           Matt Moulson             23     1   2  2  
 4 Garnet Hathaway          Kevin Labanc             Nikita Gusev             8      1   2  2  

5 vs 5 Defense 
   Defense                  Defense                                           Time % Phy DF OF 
 1 Tyson Barrie             Jamie Oleksiak                                    38     1   2  2  
 2 Sami Vatanen             Nathan Beaulieu                                   33     1   2  2  
 3 Mike Matheson            Jonas Siegenthaler                                21     1   2  2  
 4 Andrew Peeke             Jamie Oleksiak                                    8      1   2  2  

PowerPlay Forward 
   Center                   Left Wing                Right Wing               Time % Phy DF OF 
 1 Vincent Trocheck         Taylor Hall              Mats Zuccarello          55     1   2  2  
 2 Travis Zajac             Marcus Foligno           Kevin Labanc             45     1   2  2  

PowerPlay Defense
   Defense                  Defense                                           Time % Phy DF OF 
 1 Jamie Oleksiak           Tyson Barrie                                      55     1   2  2  
 2 Sami Vatanen             Mike Matheson                                     45     1   2  2  

Penalty Kill 4 Players Forward 
   Center                   Wing                     Time % Phy DF OF 
 1 Vincent Trocheck         Marcus Foligno           55     1   2  2  
 2 Travis Zajac             Kevin Labanc             45     1   2  2  

Penalty Kill 4 Players Defense
   Defense                  Defense                  Time % Phy DF OF 
 1 Tyson Barrie             Jamie Oleksiak           55     1   2  2  
 2 Sami Vatanen             Nathan Beaulieu          45     1   2  2  

Penalty Kill - 3 Players Forward 
   Forward                                           Time % Phy DF OF 
 1 Vincent Trocheck                                  50     1   2  2  
 2 Travis Zajac                                      50     1   2  2  

Penalty Kill - 3 Players Defense
   Defense                  Defense                  Time % Phy DF OF 
 1 Tyson Barrie             Jamie Oleksiak           55     1   2  2  
 2 Sami Vatanen             Nathan Beaulieu          45     1   2  2  

4 vs 4 Forward 
   Center                   Wing                     Time % Phy DF OF 
 1 Vincent Trocheck         Taylor Hall              54     1   2  2  
 2 Travis Zajac             Mats Zuccarello          46     1   2  2  

4 vs 4 Defense
   Defense                  Defense                  Time % Phy DF OF 
 1 Tyson Barrie             Jamie Oleksiak           55     1   2  2  
 2 Mike Matheson            Nathan Beaulieu          45     1   2  2  

Last Minutes Offensive
   Center                   Left Wing                Right Wing               Defense                  Defense                  
   Vincent Trocheck         Taylor Hall              Mats Zuccarello          Tyson Barrie             Jamie Oleksiak           

Last Minutes Defensive
   Center                   Left Wing                Right Wing               Defense                  Defense                  
   Travis Zajac             Marcus Foligno           Kevin Labanc             Sami Vatanen             Nathan Beaulieu          

Goaltenders
Starting : Pekka Rinne              
Backup : Antti Raanta             

Extra Forwards
Normal : Joshua Norris, Garnet Hathaway, Matt Moulson - PP : Joshua Norris, Garnet Hathaway - PK : Matt Moulson
Extra Defensemen
Normal : Sami Vatanen, Nathan Beaulieu, Andrew Peeke - PP : Sami Vatanen - PK : Nathan Beaulieu, Andrew Peeke
Penalty Shots
Mats Zuccarello, Travis Zajac, Taylor Hall, Kevin Labanc, Joshua Norris
Custom OT Lines Forwards
Vincent Trocheck, Travis Zajac, Taylor Hall, Kevin Labanc, Mats Zuccarello, Marcus Foligno, Josh Archibald, Garnet Hathaway, Matt Moulson, Nikita Gusev
Custom OT Lines Defensemen
Tyson Barrie, Jamie Oleksiak, Nathan Beaulieu, Sami Vatanen, Mike Matheson

Scratches
Greg Pateryn (Sprained Right Finger Injury), Tim Schaller (Healthy), Anthony Stolarz (Healthy)

Jets

5 vs 5 Forward 
   Center                   Left Wing                Right Wing               Time % Phy DF OF 
 1 Nathan MacKinnon         James van Riemsdyk       Victor Olofsson          40     1   2  2  
 2 Colton Sissons           Artem Anisimov           Filip Chytil             30     1   2  2  
 3 Frederick Gaudreau       Alexis Lafreniere        Zac Dalpe                20     1   2  2  
 4 Kyle Turris              Wayne Simmonds           Troy Terry               10     1   2  2  

5 vs 5 Defense 
   Defense                  Defense                                           Time % Phy DF OF 
 1 Josh Morrissey           Nate Prosser                                      40     1   2  2  
 2 Kris Letang              Brett Pesce                                       30     1   2  2  
 3 Mark Pysyk               John Moore                                        20     1   2  2  
 4 Kris Letang              Nate Prosser                                      10     1   2  2  

PowerPlay Forward 
   Center                   Left Wing                Right Wing               Time % Phy DF OF 
 1 Nathan MacKinnon         Alexis Lafreniere        Victor Olofsson          60     1   2  2  
 2 Filip Chytil             James van Riemsdyk       Zac Dalpe                40     1   2  2  

PowerPlay Defense
   Defense                  Defense                                           Time % Phy DF OF 
 1 Josh Morrissey           Kris Letang                                       60     1   2  2  
 2 Nate Prosser             Brett Pesce                                       40     1   2  2  

Penalty Kill 4 Players Forward 
   Center                   Wing                     Time % Phy DF OF 
 1 Colton Sissons           Zac Dalpe                60     1   2  2  
 2 Frederick Gaudreau       Wayne Simmonds           40     1   2  2  

Penalty Kill 4 Players Defense
   Defense                  Defense                  Time % Phy DF OF 
 1 Brett Pesce              Nate Prosser             60     1   2  2  
 2 Josh Morrissey           John Moore               40     1   2  2  

Penalty Kill - 3 Players Forward 
   Forward                                           Time % Phy DF OF 
 1 Colton Sissons                                    60     1   2  2  
 2 Frederick Gaudreau                                40     1   2  2  

Penalty Kill - 3 Players Defense
   Defense                  Defense                  Time % Phy DF OF 
 1 Nate Prosser             Kris Letang              60     1   2  2  
 2 Brett Pesce              John Moore               40     1   2  2  

4 vs 4 Forward 
   Center                   Wing                     Time % Phy DF OF 
 1 Nathan MacKinnon         James van Riemsdyk       60     1   2  2  
 2 Frederick Gaudreau       Artem Anisimov           40     1   2  2  

4 vs 4 Defense
   Defense                  Defense                  Time % Phy DF OF 
 1 Mark Pysyk               John Moore               60     1   2  2  
 2 Josh Morrissey           Brett Pesce              40     1   2  2  

Last Minutes Offensive
   Center                   Left Wing                Right Wing               Defense                  Defense                  
   Nathan MacKinnon         James van Riemsdyk       Wayne Simmonds           Josh Morrissey           Kris Letang              

Last Minutes Defensive
   Center                   Left Wing                Right Wing               Defense                  Defense                  
   Frederick Gaudreau       Troy Terry               Colton Sissons           Nate Prosser             Brett Pesce              

Goaltenders
Starting : Mackenzie Blackwood      
Backup : Jonathan Bernier         

Extra Forwards
Normal : Nathan MacKinnon, Filip Chytil, Frederick Gaudreau - PP : Frederick Gaudreau, Colton Sissons - PK : Frederick Gaudreau
Extra Defensemen
Normal : Kris Letang, Josh Morrissey, Brett Pesce - PP : Brett Pesce - PK : Kris Letang, Josh Morrissey
Penalty Shots
Wayne Simmonds, Artem Anisimov, Nathan MacKinnon, James van Riemsdyk, Troy Terry
Custom OT Lines Forwards
Nathan MacKinnon, James van Riemsdyk, Alexis Lafreniere, Colton Sissons, Filip Chytil, Artem Anisimov, Victor Olofsson, Troy Terry, Frederick Gaudreau, Zac Dalpe
Custom OT Lines Defensemen
Brett Pesce, Nate Prosser, Josh Morrissey, Kris Letang, Mark Pysyk

Scratches
Josh Manson (Left Knee Injury), William Carrier (Healthy), Brett Ritchie (Healthy)

% Time on Ice - Panthers

Lines # - Real PCT - Wanted PCT - Time Play
Normal Forward
1 - 34% - 35% - 18:05
2 - 29% - 34% - 15:33
3 - 26% - 23% - 14:06
4 - 11% - 8% - 5:41
Normal Defense
1 - 34% - 38% - 18:11
2 - 34% - 33% - 17:55
3 - 21% - 21% - 11:16
4 - 11% - 8% - 6:03
PP Forward
1 - 66% - 55% - 3:01
2 - 34% - 45% - 1:35
PP Defense
1 - 61% - 55% - 2:47
2 - 39% - 45% - 1:49
PK Forward
1 - 59% - 55% - 1:10
2 - 41% - 45% - 0:49
PK Defense
1 - 65% - 55% - 1:17
2 - 35% - 45% - 0:42
PK3 Forward
1 - 0% - 50%
2 - 0% - 50%
PK3 Defense
1 - 0% - 55%
2 - 0% - 45%
44 Forward
1 - 0% - 54%
2 - 0% - 46%
44 Defense
1 - 0% - 55%
2 - 0% - 45%
Last Minute Offensive  - 0:00
Last Minute Defensive  - 0:00
Total
Forward - 60:00
Defense - 60:00

% Time on Ice - Jets

Lines # - Real PCT - Wanted PCT - Time Play
Normal Forward
1 - 35% - 40% - 18:49
2 - 27% - 30% - 14:18
3 - 23% - 20% - 12:30
4 - 15% - 10% - 7:48
Normal Defense
1 - 38% - 40% - 20:28
2 - 32% - 30% - 17:10
3 - 24% - 20% - 12:50
4 - 6% - 10% - 2:57
PP Forward
1 - 57% - 60% - 1:08
2 - 43% - 40% - 0:51
PP Defense
1 - 53% - 60% - 1:03
2 - 47% - 40% - 0:56
PK Forward
1 - 75% - 60% - 3:27
2 - 25% - 40% - 1:09
PK Defense
1 - 69% - 60% - 3:10
2 - 31% - 40% - 1:26
PK3 Forward
1 - 0% - 60%
2 - 0% - 40%
PK3 Defense
1 - 0% - 60%
2 - 0% - 40%
44 Forward
1 - 0% - 60%
2 - 0% - 40%
44 Defense
1 - 0% - 60%
2 - 0% - 40%
Last Minute Offensive  - 0:00
Last Minute Defensive  - 0:00
Total
Forward - 60:00
Defense - 60:00

Play-by-Play

1st period


0:01 of 1st period - Nathan MacKinnon wins face-off versus Vincent Trocheck in neutral zone.
2:21 of 1st period - Frederick Gaudreau is hit by Jamie Oleksiak and loses puck.
3:02 of 1st period - Slapshot by Wayne Simmonds.
3:02 of 1st period - Shot Misses the Net.
3:04 of 1st period - Slapshot by Troy Terry.
3:04 of 1st period - Stopped by Pekka Rinne with a rebound.
3:06 of 1st period - Slapshot by Nate Prosser.
3:06 of 1st period - Shot Blocked by Vincent Trocheck.
3:40 of 1st period - Slapshot by Nathan MacKinnon.
3:40 of 1st period - Stopped by Pekka Rinne with a rebound.
3:42 of 1st period - Backhand shot by Nathan MacKinnon.
3:42 of 1st period - Shot Blocked by Jamie Oleksiak.
3:44 of 1st period - Slapshot by Brett Pesce.
3:44 of 1st period - Shot Blocked by Andrew Peeke.
3:46 of 1st period - Wrist shot by Brett Pesce.
3:46 of 1st period - Shot Misses the Net.
4:00 of 1st period - Andrew Peeke is hit by Kris Letang and loses puck.
4:15 of 1st period - Jamie Oleksiak is hit by Nate Prosser and loses puck.
6:40 of 1st period - Icing by Filip Chytil.
6:41 of 1st period - Travis Zajac wins face-off versus Colton Sissons in Jets zone.
6:46 of 1st period - Snap shot by Marcus Foligno.
6:46 of 1st period - Stopped by Mackenzie Blackwood without a rebound.
6:47 of 1st period - Nathan MacKinnon wins face-off versus Marcus Foligno in Jets zone.
6:54 of 1st period - Slapshot by Nathan MacKinnon.
6:54 of 1st period - Deflect By James van Riemsdyk.
6:54 of 1st period - Goal by James van Riemsdyk - Panthers : 0 - Jets : 1.
6:55 of 1st period - Nathan MacKinnon wins face-off versus Travis Zajac in neutral zone.
6:58 of 1st period - Slapshot by Nathan MacKinnon.
6:58 of 1st period - Stopped by Pekka Rinne with a rebound.
7:00 of 1st period - Backhand shot by Victor Olofsson.
7:00 of 1st period - Shot Blocked by Travis Zajac.
7:38 of 1st period - Snap shot by Kevin Labanc.
7:38 of 1st period - Shot Misses the Net.
7:52 of 1st period - Snap shot by Kevin Labanc.
7:52 of 1st period - Goal by Kevin Labanc - Panthers : 1 - Jets : 1.
7:53 of 1st period - Nathan MacKinnon wins face-off versus Vincent Trocheck in neutral zone.
8:20 of 1st period - Snap shot by Matt Moulson.
8:20 of 1st period - Stopped by Mackenzie Blackwood with a rebound.
8:22 of 1st period - Wrist shot by Matt Moulson.
8:22 of 1st period - Stopped by Mackenzie Blackwood without a rebound.
8:23 of 1st period - Joshua Norris wins face-off versus Colton Sissons in Jets zone.
8:30 of 1st period - Wrist shot by Josh Archibald.
8:30 of 1st period - Shot Misses the Net.
10:33 of 1st period - Wrist shot by Joshua Norris.
10:33 of 1st period - Shot Blocked by Kris Letang.
10:35 of 1st period - Slapshot by Josh Archibald.
10:35 of 1st period - Shot Blocked by Nate Prosser.
10:37 of 1st period - Slapshot by Matt Moulson.
10:37 of 1st period - Shot Misses the Net.
10:39 of 1st period - Slapshot by Sami Vatanen.
10:39 of 1st period - Stopped by Mackenzie Blackwood without a rebound.
10:40 of 1st period - Nathan MacKinnon wins face-off versus Vincent Trocheck in Jets zone.
10:40 of 1st period - Nathan MacKinnon is hit by Jamie Oleksiak.
10:48 of 1st period - Wrist shot by Taylor Hall.
10:48 of 1st period - Stopped by Mackenzie Blackwood without a rebound.
10:49 of 1st period - Nathan MacKinnon wins face-off versus Vincent Trocheck in Jets zone.
11:08 of 1st period - Wrist shot by James van Riemsdyk.
11:08 of 1st period - Deflect By Nathan MacKinnon.
11:08 of 1st period - Stopped by Pekka Rinne without a rebound.
11:09 of 1st period - Artem Anisimov wins face-off versus Travis Zajac in Panthers zone.
12:44 of 1st period - Marcus Foligno is hit by Wayne Simmonds and loses puck.
13:11 of 1st period - Mats Zuccarello is hit by Filip Chytil and loses puck.
14:00 of 1st period - Matt Moulson is hit by Colton Sissons and loses puck.
14:24 of 1st period - Marcus Foligno is hit by Josh Morrissey and loses puck.
14:51 of 1st period - Nikita Gusev is hit by Colton Sissons and loses puck.
15:51 of 1st period - Off-side.
15:52 of 1st period - Nathan MacKinnon wins face-off versus Kevin Labanc in neutral zone.
15:55 of 1st period - Snap shot by Victor Olofsson.
15:55 of 1st period - Shot Misses the Net.
16:42 of 1st period - Minor Penalty to Jamie Oleksiak for Hooking.
16:43 of 1st period - Vincent Trocheck wins face-off versus Nathan MacKinnon in Panthers zone.
16:47 of 1st period - Slapshot by Marcus Foligno.
16:47 of 1st period - Shot Blocked by Victor Olofsson.
17:13 of 1st period - Travis Zajac is hit by Kris Letang and loses puck.
17:47 of 1st period - Andrew Peeke is hit by James van Riemsdyk and loses puck.
18:06 of 1st period - Marcus Foligno is hit by Nathan MacKinnon and loses puck.
18:37 of 1st period - Matt Moulson is hit by Frederick Gaudreau and loses puck.
18:42 of 1st period - Penalty to Jamie Oleksiak is over, Jamie Oleksiak is back on ice.
18:50 of 1st period - Backhand shot by Frederick Gaudreau.
18:50 of 1st period - Shot Misses the Net.
Goals for this period are 1 for Panthers vs 1 for Jets.
Shots for this period are 6 for Panthers vs 5 for Jets.

2nd period


0:01 of 2nd period - Travis Zajac wins face-off versus Nathan MacKinnon in neutral zone.
0:12 of 2nd period - Snap shot by Kevin Labanc.
0:12 of 2nd period - Stopped by Mackenzie Blackwood with a rebound.
0:20 of 2nd period - Kevin Labanc is hit by James van Riemsdyk and loses puck.
1:12 of 2nd period - Troy Terry is hit by Nikita Gusev and loses puck.
2:28 of 2nd period - James van Riemsdyk is hit by Marcus Foligno and loses puck.
2:38 of 2nd period - Icing by Nathan MacKinnon.
2:39 of 2nd period - Nathan MacKinnon wins face-off versus Joshua Norris in Jets zone.
2:50 of 2nd period - Snap shot by Victor Olofsson.
2:50 of 2nd period - Shot Misses the Net.
2:52 of 2nd period - Snap shot by Filip Chytil.
2:52 of 2nd period - Stopped by Pekka Rinne with a rebound.
2:54 of 2nd period - Snap shot by Mark Pysyk.
2:54 of 2nd period - Stopped by Pekka Rinne without a rebound.
2:55 of 2nd period - Travis Zajac wins face-off versus Nathan MacKinnon in Panthers zone.
3:02 of 2nd period - Josh Morrissey is hit by Kevin Labanc and loses puck.
3:21 of 2nd period - Jamie Oleksiak is hit by Filip Chytil and loses puck.
3:30 of 2nd period - Snap shot by Artem Anisimov.
3:30 of 2nd period - Shot Blocked by Tyson Barrie.
3:42 of 2nd period - Snap shot by Frederick Gaudreau.
3:42 of 2nd period - Deflect By Alexis Lafreniere.
3:42 of 2nd period - Shot Misses the Net.
3:42 of 2nd period - Puck is out of play.
3:43 of 2nd period - Joshua Norris wins face-off versus Frederick Gaudreau in Panthers zone.
3:50 of 2nd period - Slapshot by Joshua Norris.
3:50 of 2nd period - Shot Blocked by Frederick Gaudreau.
4:08 of 2nd period - James van Riemsdyk is hit by Marcus Foligno and loses puck.
4:17 of 2nd period - Snap shot by Kevin Labanc.
4:17 of 2nd period - Stopped by Mackenzie Blackwood with a rebound.
4:19 of 2nd period - Snap shot by Kevin Labanc.
4:19 of 2nd period - Shot Misses the Net.
4:21 of 2nd period - Snap shot by Marcus Foligno.
4:21 of 2nd period - Shot Misses the Net.
4:37 of 2nd period - Snap shot by Vincent Trocheck.
4:37 of 2nd period - Deflect By Taylor Hall.
4:37 of 2nd period - Shot Misses the Net.
4:37 of 2nd period - Puck is out of play.
4:38 of 2nd period - Colton Sissons wins face-off versus Vincent Trocheck in Jets zone.
4:47 of 2nd period - Snap shot by Taylor Hall.
4:47 of 2nd period - Shot Misses the Net.
4:49 of 2nd period - Wrist shot by Taylor Hall.
4:49 of 2nd period - Shot Blocked by Josh Morrissey.
5:02 of 2nd period - Vincent Trocheck is hit by Josh Morrissey and loses puck.
5:09 of 2nd period - Artem Anisimov is hit by Mats Zuccarello.
5:19 of 2nd period - Snap shot by Taylor Hall.
5:19 of 2nd period - Stopped by Mackenzie Blackwood with a rebound.
5:21 of 2nd period - Wrist shot by Vincent Trocheck.
5:21 of 2nd period - Stopped by Mackenzie Blackwood with a rebound.
5:31 of 2nd period - Snap shot by Vincent Trocheck.
5:31 of 2nd period - Stopped by Mackenzie Blackwood with a rebound.
5:33 of 2nd period - Slapshot by Taylor Hall.
5:33 of 2nd period - Stopped by Mackenzie Blackwood with a rebound.
5:35 of 2nd period - Snap shot by Mats Zuccarello.
5:35 of 2nd period - Shot Misses the Net.
5:37 of 2nd period - Slapshot by Nathan Beaulieu.
5:37 of 2nd period - Stopped by Mackenzie Blackwood without a rebound.
5:38 of 2nd period - Nathan MacKinnon wins face-off versus Travis Zajac in Jets zone.
5:49 of 2nd period - Snap shot by Kris Letang.
5:49 of 2nd period - Shot Blocked by Jamie Oleksiak.
5:51 of 2nd period - Snap shot by Brett Pesce.
5:51 of 2nd period - Shot Misses the Net.
6:05 of 2nd period - Kris Letang is hit by Jamie Oleksiak and loses puck.
6:28 of 2nd period - Snap shot by Troy Terry.
6:28 of 2nd period - Shot Blocked by Matt Moulson.
6:38 of 2nd period - Wrist shot by Joshua Norris.
6:38 of 2nd period - Stopped by Mackenzie Blackwood without a rebound.
6:39 of 2nd period - Nathan MacKinnon wins face-off versus Kevin Labanc in Jets zone.
7:16 of 2nd period - Backhand shot by Filip Chytil.
7:16 of 2nd period - Shot Blocked by Taylor Hall.
7:48 of 2nd period - Wrist shot by Joshua Norris.
7:48 of 2nd period - Shot Misses the Net.
7:57 of 2nd period - Icing by Brett Pesce.
7:58 of 2nd period - Vincent Trocheck wins face-off versus Frederick Gaudreau in Jets zone.
8:01 of 2nd period - Snap shot by Mats Zuccarello.
8:01 of 2nd period - Shot Misses the Net.
8:03 of 2nd period - Wrist shot by Taylor Hall.
8:03 of 2nd period - Stopped by Mackenzie Blackwood with a rebound.
8:11 of 2nd period - Snap shot by Alexis Lafreniere.
8:11 of 2nd period - Shot Blocked by Vincent Trocheck.
8:13 of 2nd period - Snap shot by Zac Dalpe.
8:13 of 2nd period - Stopped by Pekka Rinne with a rebound.
8:15 of 2nd period - Wrist shot by Kris Letang.
8:15 of 2nd period - Stopped by Pekka Rinne with a rebound.
8:17 of 2nd period - Wrist shot by Kris Letang.
8:17 of 2nd period - Stopped by Pekka Rinne with a rebound.
8:19 of 2nd period - Backhand shot by Kris Letang.
8:19 of 2nd period - Stopped by Pekka Rinne with a rebound.
8:21 of 2nd period - Slapshot by Brett Pesce.
8:21 of 2nd period - Stopped by Pekka Rinne without a rebound.
8:22 of 2nd period - Travis Zajac wins face-off versus Nathan MacKinnon in Panthers zone.
9:14 of 2nd period - Snap shot by Nikita Gusev.
9:14 of 2nd period - Goal by Nikita Gusev - Panthers : 2 - Jets : 1.
9:15 of 2nd period - Travis Zajac wins face-off versus Nathan MacKinnon in neutral zone.
9:43 of 2nd period - Wrist shot by Colton Sissons.
9:43 of 2nd period - Shot Blocked by Taylor Hall.
9:46 of 2nd period - Icing by Taylor Hall.
9:47 of 2nd period - Vincent Trocheck wins face-off versus Colton Sissons in Panthers zone.
9:54 of 2nd period - Wrist shot by Artem Anisimov.
9:54 of 2nd period - Deflect By Filip Chytil.
9:54 of 2nd period - Shot Blocked by Jamie Oleksiak.
9:54 of 2nd period - Puck is out of play.
9:55 of 2nd period - Travis Zajac wins face-off versus Nathan MacKinnon in Panthers zone.
9:55 of 2nd period - Travis Zajac is hit by Nathan MacKinnon.
11:14 of 2nd period - Off-side.
11:15 of 2nd period - Taylor Hall wins face-off versus Nathan MacKinnon in neutral zone.
11:41 of 2nd period - Josh Morrissey is hit by Joshua Norris and loses puck.
12:12 of 2nd period - Snap shot by Kevin Labanc.
12:12 of 2nd period - Shot Misses the Net.
12:14 of 2nd period - Slapshot by Jonas Siegenthaler.
12:14 of 2nd period - Shot Blocked by Josh Morrissey.
12:24 of 2nd period - Troy Terry is hit by Taylor Hall and loses puck.
13:16 of 2nd period - Snap shot by Artem Anisimov.
13:16 of 2nd period - Shot Misses the Net.
13:20 of 2nd period - Snap shot by Filip Chytil.
13:20 of 2nd period - Stopped by Pekka Rinne without a rebound.
13:21 of 2nd period - Vincent Trocheck wins face-off versus Nathan MacKinnon in Panthers zone.
13:46 of 2nd period - Marcus Foligno is hit by Colton Sissons.
13:52 of 2nd period - Snap shot by Marcus Foligno.
13:52 of 2nd period - Stopped by Mackenzie Blackwood with a rebound.
13:54 of 2nd period - Wrist shot by Kevin Labanc.
13:54 of 2nd period - Stopped by Mackenzie Blackwood with a rebound.
13:56 of 2nd period - Snap shot by Jonas Siegenthaler.
13:56 of 2nd period - Stopped by Mackenzie Blackwood with a rebound.
14:06 of 2nd period - Wrist shot by Frederick Gaudreau.
14:06 of 2nd period - Stopped by Pekka Rinne with a rebound.
14:08 of 2nd period - Snap shot by Mark Pysyk.
14:08 of 2nd period - Stopped by Pekka Rinne with a rebound.
14:10 of 2nd period - Slapshot by Alexis Lafreniere.
14:10 of 2nd period - Shot Misses the Net.
14:26 of 2nd period - Troy Terry is hit by Vincent Trocheck and loses puck.
14:56 of 2nd period - Snap shot by Nikita Gusev.
14:56 of 2nd period - Shot Misses the Net.
15:29 of 2nd period - Snap shot by Frederick Gaudreau.
15:29 of 2nd period - Shot Hit the Post.
16:06 of 2nd period - Alexis Lafreniere is hit by Kevin Labanc and loses puck.
16:16 of 2nd period - Off-side.
16:17 of 2nd period - Garnet Hathaway wins face-off versus Nathan MacKinnon in neutral zone.
16:17 of 2nd period - Nikita Gusev is hit by Victor Olofsson and loses puck.
16:22 of 2nd period - Victor Olofsson is hit by Garnet Hathaway and loses puck.
17:17 of 2nd period - Wrist shot by Nathan MacKinnon.
17:17 of 2nd period - Stopped by Pekka Rinne without a rebound.
17:18 of 2nd period - Nathan MacKinnon wins face-off versus Travis Zajac in Panthers zone.
17:23 of 2nd period - Wrist shot by Nathan MacKinnon.
17:23 of 2nd period - Deflect By James van Riemsdyk.
17:23 of 2nd period - Shot Misses the Net.
17:23 of 2nd period - Puck is out of play.
17:24 of 2nd period - Nathan MacKinnon wins face-off versus Vincent Trocheck in Panthers zone.
17:41 of 2nd period - James van Riemsdyk is hit by Vincent Trocheck and loses puck.
17:54 of 2nd period - Nathan Beaulieu is hit by Brett Pesce and loses puck.
18:19 of 2nd period - Zac Dalpe is hit by Joshua Norris and loses puck.
18:57 of 2nd period - Snap shot by Taylor Hall.
18:57 of 2nd period - Stopped by Mackenzie Blackwood with a rebound.
19:24 of 2nd period - Off-side.
19:25 of 2nd period - Vincent Trocheck wins face-off versus Nathan MacKinnon in neutral zone.
19:50 of 2nd period - Backhand shot by Frederick Gaudreau.
19:50 of 2nd period - Shot Blocked by Jamie Oleksiak.
Goals for this period are 1 for Panthers vs 0 for Jets.
Shots for this period are 14 for Panthers vs 11 for Jets.

3rd period


0:01 of 3rd period - Nathan MacKinnon wins face-off versus Marcus Foligno in neutral zone.
0:16 of 3rd period - Snap shot by James van Riemsdyk.
0:16 of 3rd period - Shot Misses the Net.
0:22 of 3rd period - Josh Morrissey is hit by Jamie Oleksiak and loses puck.
0:40 of 3rd period - Taylor Hall is hit by Josh Morrissey and loses puck.
1:05 of 3rd period - Wrist shot by Tyson Barrie.
1:05 of 3rd period - Stopped by Mackenzie Blackwood with a rebound.
1:19 of 3rd period - Slapshot by Wayne Simmonds.
1:19 of 3rd period - Shot Misses the Net.
1:21 of 3rd period - Wrist shot by Wayne Simmonds.
1:21 of 3rd period - Goal by Wayne Simmonds - Panthers : 2 - Jets : 2.
1:22 of 3rd period - Travis Zajac wins face-off versus Nathan MacKinnon in neutral zone.
1:25 of 3rd period - Snap shot by Kevin Labanc.
1:25 of 3rd period - Deflect By Marcus Foligno.
1:25 of 3rd period - Stopped by Mackenzie Blackwood with a rebound.
1:48 of 3rd period - Artem Anisimov is hit by Mats Zuccarello and loses puck.
1:57 of 3rd period - Mats Zuccarello is hit by Artem Anisimov and loses puck.
2:11 of 3rd period - Minor Penalty to Kris Letang for Interference.
2:12 of 3rd period - Colton Sissons wins face-off versus Vincent Trocheck in Jets zone.
2:34 of 3rd period - Taylor Hall is hit by Nate Prosser and loses puck.
2:47 of 3rd period - Snap shot by Vincent Trocheck.
2:47 of 3rd period - Shot Misses the Net.
3:17 of 3rd period - Wrist shot by Taylor Hall.
3:17 of 3rd period - Stopped by Mackenzie Blackwood with a rebound.
3:39 of 3rd period - Slapshot by Tyson Barrie.
3:39 of 3rd period - Shot Blocked by John Moore.
3:41 of 3rd period - Wrist shot by Vincent Trocheck.
3:41 of 3rd period - Stopped by Mackenzie Blackwood without a rebound.
3:42 of 3rd period - Artem Anisimov wins face-off versus Travis Zajac in Jets zone.
3:56 of 3rd period - Snap shot by Kevin Labanc.
3:56 of 3rd period - Stopped by Mackenzie Blackwood without a rebound.
3:57 of 3rd period - Colton Sissons wins face-off versus Travis Zajac in Jets zone.
4:11 of 3rd period - Penalty to Kris Letang is over, Kris Letang is back on ice.
4:40 of 3rd period - Minor Penalty to John Moore for High sticking.
4:41 of 3rd period - Colton Sissons wins face-off versus Travis Zajac in Jets zone.
4:41 of 3rd period - Colton Sissons is hit by Kevin Labanc.
5:31 of 3rd period - Icing by Mike Matheson.
5:32 of 3rd period - Frederick Gaudreau wins face-off versus Travis Zajac in Panthers zone.
5:57 of 3rd period - Colton Sissons is hit by Tyson Barrie and loses puck.
6:40 of 3rd period - Penalty to John Moore is over, John Moore is back on ice.
7:12 of 3rd period - Snap shot by James van Riemsdyk.
7:12 of 3rd period - Shot Misses the Net.
7:14 of 3rd period - Slapshot by Kris Letang.
7:14 of 3rd period - Stopped by Pekka Rinne with a rebound.
7:16 of 3rd period - Snap shot by Troy Terry.
7:16 of 3rd period - Goal by Troy Terry - Panthers : 2 - Jets : 3.
7:17 of 3rd period - Vincent Trocheck wins face-off versus Nathan MacKinnon in neutral zone.
7:21 of 3rd period - Off-side.
7:22 of 3rd period - Vincent Trocheck wins face-off versus Nathan MacKinnon in neutral zone.
7:51 of 3rd period - Snap shot by Nathan MacKinnon.
7:51 of 3rd period - Stopped by Pekka Rinne with a rebound.
7:53 of 3rd period - Slapshot by Victor Olofsson.
7:53 of 3rd period - Stopped by Pekka Rinne without a rebound.
7:54 of 3rd period - Travis Zajac wins face-off versus Colton Sissons in Panthers zone.
8:18 of 3rd period - Icing by Josh Morrissey.
8:19 of 3rd period - Joshua Norris wins face-off versus Frederick Gaudreau in Jets zone.
8:28 of 3rd period - Backhand shot by Tyson Barrie.
8:28 of 3rd period - Shot Blocked by Josh Morrissey.
8:30 of 3rd period - Snap shot by Jamie Oleksiak.
8:30 of 3rd period - Shot Misses the Net.
8:32 of 3rd period - Snap shot by Josh Archibald.
8:32 of 3rd period - Stopped by Mackenzie Blackwood with a rebound.
8:34 of 3rd period - Snap shot by Josh Archibald.
8:34 of 3rd period - Deflect By Matt Moulson.
8:34 of 3rd period - Stopped by Mackenzie Blackwood without a rebound.
8:35 of 3rd period - Travis Zajac wins face-off versus Nathan MacKinnon in Jets zone.
8:38 of 3rd period - Wrist shot by Kevin Labanc.
8:38 of 3rd period - Shot Blocked by James van Riemsdyk.
8:50 of 3rd period - Wrist shot by Victor Olofsson.
8:50 of 3rd period - Shot Blocked by Travis Zajac.
8:52 of 3rd period - Snap shot by Nathan MacKinnon.
8:52 of 3rd period - Stopped by Pekka Rinne without a rebound.
8:53 of 3rd period - Colton Sissons wins face-off versus Vincent Trocheck in Panthers zone.
8:54 of 3rd period - Snap shot by Artem Anisimov.
8:54 of 3rd period - Shot Blocked by Tyson Barrie.
8:56 of 3rd period - Slapshot by Artem Anisimov.
8:56 of 3rd period - Goal by Artem Anisimov - Panthers : 2 - Jets : 4.
8:57 of 3rd period - Nathan MacKinnon wins face-off versus Travis Zajac in neutral zone.
9:41 of 3rd period - Minor Penalty to Nate Prosser for Interference.
9:42 of 3rd period - Colton Sissons wins face-off versus Vincent Trocheck in Jets zone.
10:15 of 3rd period - Snap shot by Mats Zuccarello.
10:15 of 3rd period - Shot Misses the Net.
10:17 of 3rd period - Snap shot by Taylor Hall.
10:17 of 3rd period - Shot Misses the Net.
10:19 of 3rd period - Slapshot by Sami Vatanen.
10:19 of 3rd period - Goal by Sami Vatanen - Panthers : 3 - Jets : 4.
10:20 of 3rd period - Nathan MacKinnon wins face-off versus Travis Zajac in neutral zone.
10:45 of 3rd period - Josh Morrissey is hit by Tyson Barrie and loses puck.
10:50 of 3rd period - Wrist shot by Joshua Norris.
10:50 of 3rd period - Shot Misses the Net.
11:08 of 3rd period - Wrist shot by Nathan MacKinnon.
11:08 of 3rd period - Shot Misses the Net.
11:10 of 3rd period - Wrist shot by Colton Sissons.
11:10 of 3rd period - Shot Blocked by Nathan Beaulieu.
11:12 of 3rd period - Snap shot by Artem Anisimov.
11:12 of 3rd period - Stopped by Pekka Rinne with a rebound.
11:14 of 3rd period - Backhand shot by Josh Morrissey.
11:14 of 3rd period - Stopped by Pekka Rinne with a rebound.
11:27 of 3rd period - Icing by Nathan Beaulieu.
11:28 of 3rd period - Vincent Trocheck wins face-off versus Frederick Gaudreau in Panthers zone.
11:53 of 3rd period - Slapshot by Kris Letang.
11:53 of 3rd period - Stopped by Pekka Rinne without a rebound.
11:54 of 3rd period - Colton Sissons wins face-off versus Joshua Norris in Panthers zone.
11:57 of 3rd period - Slapshot by Colton Sissons.
11:57 of 3rd period - Stopped by Pekka Rinne with a rebound.
11:59 of 3rd period - Slapshot by Filip Chytil.
11:59 of 3rd period - Stopped by Pekka Rinne without a rebound.
12:00 of 3rd period - Travis Zajac wins face-off versus Colton Sissons in Panthers zone.
13:10 of 3rd period - Josh Morrissey is hit by Matt Moulson.
13:20 of 3rd period - Snap shot by Frederick Gaudreau.
13:20 of 3rd period - Shot Blocked by Jamie Oleksiak.
13:32 of 3rd period - Artem Anisimov is hit by Marcus Foligno.
13:36 of 3rd period - Slapshot by Josh Morrissey.
13:36 of 3rd period - Stopped by Pekka Rinne with a rebound.
13:52 of 3rd period - Nathan MacKinnon is hit by Kevin Labanc and loses puck.
14:13 of 3rd period - Kevin Labanc is hit by Kris Letang and loses puck.
14:20 of 3rd period - Slapshot by Wayne Simmonds.
14:20 of 3rd period - Shot Misses the Net.
14:22 of 3rd period - Wrist shot by Troy Terry.
14:22 of 3rd period - Stopped by Pekka Rinne with a rebound.
14:38 of 3rd period - Mats Zuccarello is hit by Mark Pysyk and loses puck.
14:53 of 3rd period - Mike Matheson is hit by Frederick Gaudreau and loses puck.
15:02 of 3rd period - Joshua Norris is hit by John Moore and loses puck.
15:15 of 3rd period - Snap shot by Nathan MacKinnon.
15:15 of 3rd period - Shot Misses the Net.
17:07 of 3rd period - Travis Zajac is hit by Artem Anisimov and loses puck.
17:32 of 3rd period - Tyson Barrie is hit by Mark Pysyk.
18:16 of 3rd period - Marcus Foligno is hit by Zac Dalpe and loses puck.
18:21 of 3rd period - Snap shot by Alexis Lafreniere.
18:21 of 3rd period - Deflect By Kevin Labanc.
18:21 of 3rd period - Shot Misses the Net.
18:21 of 3rd period - Puck is out of play.
18:22 of 3rd period - Vincent Trocheck wins face-off versus Nathan MacKinnon in Panthers zone.
18:31 of 3rd period - Snap shot by Vincent Trocheck.
18:31 of 3rd period - Shot Misses the Net.
18:33 of 3rd period - Slapshot by Taylor Hall.
18:33 of 3rd period - Goal by Taylor Hall - Panthers : 4 - Jets : 4.
18:34 of 3rd period - Nathan MacKinnon wins face-off versus Vincent Trocheck in neutral zone.
18:49 of 3rd period - Wrist shot by Victor Olofsson.
18:49 of 3rd period - Stopped by Pekka Rinne with a rebound.
18:51 of 3rd period - Slapshot by Kris Letang.
18:51 of 3rd period - Shot Blocked by Taylor Hall.
Goals for this period are 2 for Panthers vs 3 for Jets.
Shots for this period are 9 for Panthers vs 15 for Jets.

Overtime #1


0:01 of 1st overtime period - Nathan MacKinnon wins face-off versus Vincent Trocheck in neutral zone.
0:07 of 1st overtime period - Off-side.
0:08 of 1st overtime period - Vincent Trocheck wins face-off versus Nathan MacKinnon in neutral zone.
0:23 of 1st overtime period - Snap shot by Vincent Trocheck.
0:23 of 1st overtime period - Shot Misses the Net.
0:33 of 1st overtime period - Snap shot by Alexis Lafreniere.
0:33 of 1st overtime period - Shot Misses the Net.
3:13 of 1st overtime period - Sami Vatanen is hit by James van Riemsdyk.
3:54 of 1st overtime period - Tyson Barrie is hit by Josh Morrissey and loses puck.
4:27 of 1st overtime period - Snap shot by Artem Anisimov.
4:27 of 1st overtime period - Shot Misses the Net.
4:29 of 1st overtime period - Wrist shot by Nate Prosser.
4:29 of 1st overtime period - Deflect By Victor Olofsson.
4:29 of 1st overtime period - Goal by Victor Olofsson - Panthers : 4 - Jets : 5.
Goals for this period are 0 for Panthers vs 1 for Jets.
Shots for this period are 0 for Panthers vs 1 for Jets.